[Event "*** Titled Tuesday 3|2 Blitz (Early)"]
[Site "Chess.com"]
[Date "2016.11.01"]
[Round "3"]
[White "Evgeny_Levin"]
[Black "swayamsm"]
[Result "1/2-1/2"]
[WhiteElo "2687"]
[BlackElo "2622"]
[TimeControl "180+2"]
[EndTime "11:38:10 PDT"]
[Termination "Game drawn by repetition"]

1. d4 Nf6 2. c4 e6 3. Nf3 d5 4.
Nc3 Bb4 5. Bg5 h6 6. Bxf6 Qxf6 7. Qb3 c5 8. e3 Nc6 9. dxc5 dxc4 10. Bxc4 O-O 11.
O-O Bxc5 12. Ne4 Qe7 13. Nxc5 Qxc5 14. Rac1 Qb6 15. Rfd1 Rd8 16. Rxd8+ Qxd8 17. Bd3 Qb6 18. Qxb6 axb6 19. a3 Bd7 20. Kf1 Kf8 21. Ke2 Ke7 22. Nd2 Ne5 23. Be4 Bb5+ 24. Kd1 Bc6 25. Ke2 Rc8 26.
Bxc6 bxc6 27. f4 Ng4 28. Kf3 Nf6 29. Nc4 Nd7 30. Rd1 Rb8 31. g4 b5 32. Na5 Rb6 33.
b4 c5 34. bxc5 Nxc5 35. Rc1 Ra6 36. Rxc5 Rxa5 37. h4 g6 38. a4 Rxa4 39. Rxb5 Kf6 40. h5 gxh5 41. Rxh5 Kg6 42. Rh1 Ra2 43. Rb1 Ra5 44. Rb8 Kg7 45. Rb7 Rc5 46. Ra7 Rb5 47. Rc7 Kg6 48. Ra7 Rc5 49. Rb7 Ra5 50. Rc7 Rb5 51.
Rd7 Ra5 52. Rc7 Rb5 53. Ra7 Rb1 54. Ra2 Rf1+ 55. Kg2 Re1 56. Kf3 Rh1 57. Kg2 Re1 58. Kf3 Rf1+ 59. Kg2 Rb1 60. Kf3 Rh1 61. Kg2 Rd1 62.
Kf3 h5 63. g5 Rg1 64. Ra8 Kg7 65. Ra2 Kg6 66. Ra8 Kg7 67. Ra2 Rh1 68. Kg2 Re1 69.
Kf2 Rb1 70. Kf3 Kg6 71. Ra8 Rh1 72. Rg8+ Kh7 73. Rf8 Kg7 74. Ra8 Rh3+ 75. Kf2 Kg6 76. Ra7 h4 77. e4 Rh2+ 78. Kf3 Rh1 79. f5+ exf5 80. exf5+ Kxf5 81. Rxf7+ Kxg5 82. Kg2 Ra1 83. Rg7+ Kh6 84. Rg8 Ra3 85. Rh8+ Kg5 86. Rg8+ Kf4 87.
Rf8+ Kg4 88. Rg8+ Kf4 89. Rf8+ Kg4 90. Rg8+ Kf4 91. Rf8+ 1/2-1/2

[Event "*** Titled Tuesday 3|2 Blitz (Early)"]
[Site "Chess.com"]
[Date "2016.11.01"]
[Round "3"]
[White "Alexander_Moskalenko"]
[Black "gmsakk"]
[Result "1/2-1/2"]
[WhiteElo "2708"]
[BlackElo "2536"]
[TimeControl "180+2"]
[EndTime "11:38:31 PDT"]
[Termination "Game drawn - insufficient material"]

1. Nf3 d5 2. c4 c6 3. e3 Nf6 4. Nc3 a6 5. b3 g6 6. Bb2 Bg7 7. h3 O-O 8. Be2 Ne4 9. Qc2 Bf5 10. Nxe4 Bxe4 11. d3 Bxf3 12. Bxf3 e6 13. O-O Nd7 14. b4 Bxb2 15. Qxb2 Qf6 16. Rab1 b5 17. cxd5 cxd5 18.
Rfc1 Rfc8 19. d4 Nb6 20. Be2 Qe7 21. Qa3 Nc4 22. Qc3 Rc7 23. Bxc4 Rxc4 24. Qa3 a5 25. Rxc4 dxc4 26. Qc3 axb4 27. Rxb4 Qd7 28. a3 Qc6 29.
e4 Qxe4 30. Rxb5 Qd3 31. Qxd3 cxd3 32. Rb3 d2 33. Rd3 Rxa3 34. Rxd2 Ra5 35. f3 Kf8 36.
Kf2 Ke7 37. Ke3 Kd6 38. h4 Ra3+ 39. Kf4 h6 40. g4 Kd5 41. g5 hxg5+ 42. hxg5 Rc3 43. Rb2 Rc7 44. Ke3 Rc3+ 45. Kf4 Rc7 46. Ke3 Rc3+ 47. Kf4 Rc7 48. Rb4 Ra7 49. Ke3 Ra3+ 50.
Kf4 Ra7 51. Ke3 Ra3+ 52. Kf4 Ra7 53. Rb8 Kxd4 54. Rd8+ Kc3 55. Ke4 Ra5 56. f4 Rb5 57. Rd7 Rf5 58. Rd3+ Kc2 59. Rd7 Kc3 60. Rd3+ Kc2 61.
Rd7 Kc3 62. Rd3+ Kc4 63. Rd7 Kc5 64. Ra7 Kd6 65. Rb7 e5 66. Rb6+ Ke7 67. Rb7+ Kf8 68.
fxe5 Rxg5 69. Rb8+ Kg7 70. Rb7 Rg1 71. Kf4 Re1 72. Ra7 Rf1+ 73. Kg4 Re1 74. Kf4 Kf8 75. Ra8+ Ke7 76. Ra7+ Ke6 77. Ra6+ Kd5 78. Ra5+ Kc4 79.
Ra7 Rf1+ 80. Ke4 Kc3 81. Rd7 g5 82. Rd3+ Kc4 83. Rd4+ Kc5 84. Rd5+ Kc6 85. Rd8 f5+ 86. exf6 Rxf6 87. Rg8 Rf4+ 88. Ke5 Rg4 89. Kf5 Rg1 90. Rxg5 Rxg5+ 91. Kxg5 1/2-1/2

[Event "*** Titled Tuesday 3|2 Blitz (Early)"]
[Site "Chess.com"]
[Date "2016.11.01"]
[Round "3"]
[White "TomsKantans"]
[Black "dretch"]
[Result "1/2-1/2"]
[WhiteElo "2476"]
[BlackElo "2646"]
[TimeControl "180+2"]
[EndTime "11:40:47 PDT"]
[Termination "Game drawn by repetition"]

1. e4 e6 2. c4 d5 3. cxd5 exd5 4.
exd5 Nf6 5. Nc3 Nxd5 6. Nf3 Be7 7.
d4 O-O 8. Bd3 Nc6 9. O-O Bg4 10.
h3 Bh5 11. Bxh7+ Kxh7 12. Ng5+ Bxg5 13. Qxh5+ Kg8 14. Bxg5 Qd6 15. Rad1 Rfe8 16. Qf3 Nb6 17. d5 Ne5 18. Qg3 Ng6 19. Qxd6 cxd6 20. Nb5 Re5 21. Be3 Nxd5 22. Rxd5 Rxd5 23. Nc7 Ra5 24. Nxa8 Rxa2 25. Rd1 a5 26. Bd4 b5 27. Nc7 b4 28. Nb5 Nf4 29. Kf1 Ne6 30. b3 Nc5 31. Bxc5 dxc5 32. Rc1 a4 33. bxa4 b3 34. Nc3 Rd2 35. Ke1 Rd6 36. Rb1 c4 37. Rd1 Rg6 38. g3 Kf8 39. Kd2 Rf6 40. Rf1 Rf3 41. a5 Rd3+ 42.
Ke2 Rxc3 43. Ra1 Rc2+ 44. Ke3 b2 45. Rb1 Rc3+ 46. Kd4 Ra3 47. Rxb2 Rxa5 48. Kxc4 g5 49. Kd4 Kg7 50. Ke4 Kh6 51. Rd2 Kg6 52. Rd3 f6 53.
Rd8 Ra2 54. Kf3 Kf5 55. Rd5+ Kg6 56. Rd3 Ra4 57. Ke3 Ra7 58. Rd4 Kf5 59. h4 gxh4 60.
Rxh4 Ra3+ 61. Ke2 Kg5 62. Rd4 Kg6 63. Rd3 Ra4 64. Ke3 Kf5 65. Rd5+ Ke6 66. Rd4 Ra2 67. f3 Ke5 68. Re4+ Kf5 69. Rf4+ Ke5 70. Re4+ Kf5 71. Rd4 Ra3+ 72. Rd3 Ra2 73. Rd2 Ra3+ 74. Kf2 Ke6 75. Re2+ Kf5 76. Kg2 Rb3 77. Ra2 Rb5 78. Ra4 Rb2+ 79.
Kh3 Rf2 80. Ra5+ Ke6 81. Kg4 Rb2 82. Ra4 Kf7 83. Ra5 Kg6 84. f4 Rb7 85. Ra6 Rc7 86. Kh4 Rh7+ 87. Kg4 Rc7 88. Ra3 Rb7 89. Ra6 Rc7 90. f5+ Kg7 91. Kh5 Rb7 92. g4 Rc7 93.
Rb6 Ra7 94. Rc6 Rd7 95. Kh4 Rb7 96. Kg3 Rb3+ 97. Kf4 Rb4+ 98. Kf3 Rb3+ 99. Ke4 Rb4+ 100. Kf3 Rb3+ 101. Kg2 Ra3 102. Rd6 Rc3 103. Rb6 Ra3 104. Rc6 Rb3 105. Rd6 Rc3 106. Rb6 Rd3 107. Rc6 Ra3 108. Rb6 Rc3 109. Re6 Ra3 110. Kf2 Rb3 111. Re3 Rb4 112. Kf3 Kh6 113. Re8 Rb3+ 114. Ke4 Rb4+ 115. Kd5 Rxg4 116. Re1 Kg5 117. Ke6 Rg2 118. Re3 Rg1 119. Re2 Rg3 120. Re1 Rg2 121. Re3 Rg1 122. Re2 Rg3 123. Re1 Rg4 124. Re2 Rg3 125. Re1 1/2-1/2

[Event "*** Titled Tuesday 3|2 Blitz (Early)"]
[Site "Chess.com"]
[Date "2016.11.01"]
[Round "3"]
[White "oskariot"]
[Black "darsen_sanzhaev"]
[Result "1/2-1/2"]
[WhiteElo "2392"]
[BlackElo "2255"]
[TimeControl "180+2"]
[EndTime "11:41:13 PDT"]
[Termination "Game drawn by 50-move rule"]

1. e4 e5 2. Nf3 Nc6 3. Bb5 a6 4. Bxc6 dxc6 5. d3 Bd6 6. Nc3 c5 7. Ne2 Ne7 8. O-O O-O 9. Nd2 Ng6 10. a4 Be6 11. Nc4 b5 12. Ne3 Qd7 13. Ng3 Rfd8 14. Ngf5 Bf8 15. Qg4 Ne7 16. Qf3 g6 17. Ng4 Kh8 18.
Nf6 Qc6 19. Bg5 Nxf5 20. axb5 axb5 21. exf5 Qxf3 22. gxf3 Bxf5 23. Ne4 Rdb8 24. Bf6+ Bg7 25. Bxg7+ Kxg7 26. Nxc5 f6 27. b4 Bh3 28. Rfe1 Kf7 29. c3 Rd8 30. Nb7 Rdb8 31. Nc5 Rd8 32. Red1 c6 33. Rdc1 Rxa1 34. Rxa1 g5 35. Ra7+ Kg6 36. Ra6 Rd6 37. f4 gxf4 38. f3 Kf5 39. Kf2 h5 40.
Ra7 Rd8 41. Ke2 Rg8 42. Ne4 Rg2+ 43. Nf2 Rxh2 44. Rh7 Bg2 45. d4 Ke6 46. dxe5 fxe5 47. Rh6+ Kd5 48. Rf6 Kc4 49. Rxc6+ Kb3 50. Rc5 Bh1 51.
Rxe5 Kxc3 52. Rxb5 Kc4 53. Rf5 Kxb4 54. Rxf4+ Kc5 55.
Kf1 Bxf3 56. Rxf3 Rh4 57. Kg2 Kd5 58. Rf5+ Ke6 59. Ra5 Kf6 60. Kg3 Rb4 61. Rxh5 Ke6 62. Kf3 Kd6 63. Ne4+ Ke6 64. Kf4 Rb1 65. Re5+ Kd7 66. Rh5 Ke6 67. Rh6+ Kd5 68. Rd6+ Kc4 69. Ke5 Rb5+ 70. Kf4 Rb1 71. Rd8 Rb2 72. Rd7 Rb4 73. Ke5 Rb5+ 74. Ke6 Rh5 75. Nd6+ Kc5 76. Ne8 Rh6+ 77. Nf6 Rh4 78. Rc7+ Kd4 79. Rc1 Rf4 80. Rd1+ Kc4 81. Ke5 Rh4 82. Rd8 Rh1 83. Ng4 Rh5+ 84. Ke4 Rh4 85. Kf3 Rh3+ 86. Kf4 Rh4 87. Kg5 Rh1 88.
Ne5+ Kc5 89. Kf5 Rh5+ 90. Kf6 Rh6+ 91. Kg5 Rh1 92. Kf4 Rh4+ 93. Ke3 Ra4 94. Nd3+ Kc6 95. Rc8+ Kd5 96. Rc5+ Kd6 97. Rb5 Ra3 98. Kd4 Ra4+ 99. Nb4 Ra1 100. Rb6+ Kd7 101. Nd5 Rd1+ 102. Ke5 Re1+ 103. Kf5 Rf1+ 104. Ke4 Re1+ 105. Ne3 Ke7 106. Rb3 Ke6 107. Rb6+ Ke7 108. Kd4 Re2 109. Nc4 Re1 110. Kc5 Rd1 111. Ne3 Rd3 112. Nd5+ Kf7 113. Kd6 Rd1 114. Rb4 Kg6 115. Rf4 Kg5 116. Rf3 Re1 117. Ne3 Ra1 118. Ke5 Ra5+ 119. Nd5 Kg4 120. Rf8 Ra4 121. Nf6+ Kf3 122. Ne4+ Ke3 123. Nf6 Kd3 124. Nd5 Re4+ 125. Kd6 Kd4 126. Rf1 Rh4 127. Rd1+ Kc4 128. Ne3+ Kc3 129. Kc5 Rh8 130. Nd5+ Kc2 131. Rg1 Rh7 132. Rg4 Rh8 133. Kd4 Kb3 134. Rg3+ Kc2 135. Nb4+ Kb2 136. Na6 1/2-1/2

[Event "*** Titled Tuesday 3|2 Blitz (Early)"]
[Site "Chess.com"]
[Date "2016.11.01"]
[Round "4"]
[White "Chopper1905"]
[Black "Holden-Caulfield"]
[Result "1-0"]
[WhiteElo "2573"]
[BlackElo "2472"]
[TimeControl "180+2"]
[EndTime "11:44:17 PDT"]
[Termination "Chopper1905 won by resignation"]

1. d4 d6 2. e4 Nf6 3. Nc3 e5 4.
Nge2 Nbd7 5. h3 Be7 6. g4 O-O 7. Bg2 c6 8. O-O b5 9. Ng3 exd4 10.
Qxd4 Ne5 11. f4 Ng6 12. Nf5 Re8 13. b3 Bxf5 14. exf5 Nf8 15. Bxc6 Qc7 16. Bxa8 Rxa8 17. Bb2 a6 18. Nd5 1-0

[Event "*** Titled Tuesday 3|2 Blitz (Early)"]
[Site "Chess.com"]
[Date "2016.11.01"]
[Round "4"]
[White "jk13"]
[Black "Genghis_K"]
[Result "0-1"]
[WhiteElo "2478"]
[BlackElo "2655"]
[TimeControl "180+2"]
[EndTime "11:45:34 PDT"]
[Termination "Genghis_K won by resignation"]

1. e4 c5 2. c3 Nf6 3. e5 Nd5 4. Bc4 Nb6 5. Bb3 Nc6 6. Nf3 d5 7. exd6 Qxd6 8. O-O c4 9. Bc2 Bg4 10. Qe2 Qf6 11. Be4 O-O-O 12. h3 Bh5 13. Na3 Ne5 14.
Bxb7+ Kxb7 15. Qxe5 Bxf3 16. Qxf6 exf6 17. gxf3 Bxa3 18. bxa3 Rhe8 19. Rb1 Kc6 20. Rd1 Rd3 21. Kg2 Nd5 22. Bb2 Re2 23. Re1 Rxe1 24. Rxe1 Rxd2 25.
Bc1 Rc2 26. Kg3 Nxc3 27. Be3 a5 28. Bd4 Ne2+ 0-1

[Event "*** Titled Tuesday 3|2 Blitz (Early)"]
[Site "Chess.com"]
[Date "2016.11.01"]
[Round "4"]
[White "Andrejkin"]
[Black "saraswathii"]
[Result "1/2-1/2"]
[WhiteElo "2160"]
[BlackElo "2150"]
[TimeControl "180+2"]
[EndTime "11:45:52 PDT"]
[Termination "Game drawn by agreement"]

1. e4 c5 2. Nf3 e6 3. Nc3 Nc6 4. Bb5 Nge7 5. d4 cxd4 6. Nxd4 a6 7. Be2 Nxd4 8. Qxd4 Nc6 9. Qd1 Bc5 10.
Bf4 Qe7 11. Qd2 O-O 12. O-O-O Qf6 13. g4 Bb4 14. g5 Bxc3 15. gxf6 Bxd2+ 16. Rxd2 e5 17.
fxg7 Re8 18. Be3 Re6 19. Bc4 Rg6 20. f4 exf4 21. Bxf4 Rxg7 1/2-1/2

[Event "*** Titled Tuesday 3|2 Blitz (Early)"]
[Site "Chess.com"]
[Date "2016.11.01"]
[Round "4"]
[White "avto24"]
[Black "AdrianaNikolova"]
[Result "1-0"]
[WhiteElo "2317"]
[BlackElo "2238"]
[TimeControl "180+2"]
[EndTime "11:46:51 PDT"]
[Termination "avto24 won by resignation"]

1. e4 c6 2. d4 d6 3. c4 e5 4.
Nf3 Qc7 5. Nc3 Bg4 6. Be2 Nf6 7.
h3 Bxf3 8. Bxf3 Be7 9. Be3 O-O 10. Qd2 Nbd7 11. O-O-O a6 12. Kb1 b5 13. g4 bxc4 14.
g5 Ne8 15. dxe5 Nxe5 16. Be2 Rb8 17. f4 Nd3 18. Bxd3 cxd3 19. Qxd3 Qb7 20. Rh2 Nc7 21. h4 Nb5 22. Na4 c5 23. h5 c4 24. Qd5 Nc3+ 25.
Nxc3 1-0

[Event "*** Titled Tuesday 3|2 Blitz (Early)"]
[Site "Chess.com"]
[Date "2016.11.01"]
[Round "4"]
[White "NDePinEsPeRG"]
[Black "howitzer14"]
[Result "1/2-1/2"]
[WhiteElo "2648"]
[BlackElo "2766"]
[TimeControl "180+2"]
[EndTime "11:46:59 PDT"]
[Termination "Game drawn by agreement"]

1. e4 e5 2. Nf3 Nc6 3. Bc4 Nf6 4. d3 h6 5. O-O d6 6. c3 g6 7. Nbd2 Bg7 8. Re1 O-O 9. a4 Na5 10.
Ba2 c5 11. b4 Nc6 12. bxc5 dxc5 13. Nc4 Re8 14. Be3 Qe7 15. h3 Be6 16. Qc2 Rac8 17. a5 Rc7 18. Bb3 Rd8 19. Nb2 Nd4 20. Bxd4 cxd4 21.
Bxe6 Qxe6 22. c4 Nd7 23. Na4 Bf8 24. Rab1 Kg7 25. Rb5 Nc5 26. Reb1 Rdd7 27. Nd2 Na6 28. R1b2 Ba3 29. R2b3 Bd6 30. Qb1 Qe7 31. Nf3 Nc5 32. Nxc5 Bxc5 33. Rb2 Kh7 34. Qa2 Kg7 35. Qa4 Kh7 36. Rb1 1/2-1/2

[Event "*** Titled Tuesday 3|2 Blitz (Early)"]
[Site "Chess.com"]
[Date "2016.11.01"]
[Round "4"]
[White "chito89"]
[Black "YuriyKrykun"]
[Result "1/2-1/2"]
[WhiteElo "2498"]
[BlackElo "2305"]
[TimeControl "180+2"]
[EndTime "11:47:08 PDT"]
[Termination "Game drawn by agreement"]

1. d4 Nf6 2. c4 g6 3. Nc3 d5 4. Nf3 Bg7 5. e3 O-O 6. cxd5 Nxd5 7. Bc4 Nb6 8. Bb3 c5 9. O-O cxd4 10. exd4 Bg4 11.
d5 N8d7 12. h3 Bxf3 13. Qxf3 Nc5 14. Be3 Nxb3 15. axb3 Bxc3 16. bxc3 Qxd5 17. Qg3 Qxb3 18. Bh6 Rfe8 19. Rfd1 Qe6 20. Ra5 Nc4 21. Rad5 Nd6 22.
Bf4 Nf5 23. Qf3 a5 24. g4 Nd6 25. Bxd6 exd6 26. Rxd6 Qe4 27. Qf6 Qe5 28. Qf3 Qe4 29. Qf6 a4 30. Rd7 Qe6 31. Qxe6 Rxe6 32. Rxb7 a3 33.
Ra1 a2 34. Rb2 Rc6 35. Rbxa2 Rxa2 36. Rxa2 Rxc3 1/2-1/2

[Event "*** Titled Tuesday 3|2 Blitz (Early)"]
[Site "Chess.com"]
[Date "2016.11.01"]
[Round "4"]
[White "Keaton87"]
[Black "VSERGUEI"]
[Result "1/2-1/2"]
[WhiteElo "2447"]
[BlackElo "2567"]
[TimeControl "180+2"]
[EndTime "11:47:12 PDT"]
[Termination "Game drawn by repetition"]

1. d4 d5 2. Bf4 c5 3. e3 Nc6 4. c3 Bf5 5. Nd2 e6 6. Ngf3 Nf6 7. Be2 Bd6 8. Bg3 O-O 9. O-O Bxg3 10. hxg3 b6 11. Bb5 Rc8 12. Bxc6 Rxc6 13. Ne5 Rc7 14.
g4 Bg6 15. a4 Nd7 16. Nxg6 hxg6 17. a5 b5 18. dxc5 Nxc5 19. Nb3 Nxb3 20. Qxb3 a6 21.
Rfd1 Rc4 22. Rd4 e5 23. Rxc4 dxc4 24. Qd1 Qc7 25. Qf3 Rd8 26. Rd1 Qxa5 27. Rd5 Rxd5 28.
Qxd5 Qa1+ 29. Kh2 Qxb2 30. Qd8+ Kh7 31. Qh4+ Kg8 32. Qd8+ Kh7 33. Qh4+ Kg8 34. Qd8+ Kh7 1/2-1/2

[Event "*** Titled Tuesday 3|2 Blitz (Early)"]
[Site "Chess.com"]
[Date "2016.11.01"]
[Round "4"]
[White "bilelou"]
[Black "PaulfromSPb"]
[Result "0-1"]
[WhiteElo "2358"]
[BlackElo "2432"]
[TimeControl "180+2"]
[EndTime "11:47:13 PDT"]
[Termination "PaulfromSPb won by resignation"]

1. d4 Nf6 2. c4 e6 3. Nf3 b6 4. g3 Ba6 5. Qa4 c5 6. Bg2 Bb7 7. dxc5 Bxc5 8. O-O Na6 9. Rd1 Be7 10. Nc3 Nc5 11. Qc2 Qc8 12. Bf4 O-O 13. Rd4 d5 14. Rad1 dxc4 15. Rxc4 Ba6 16. Rcd4 Bb7 17. Rc4 Ba6 18. Rcd4 Bb7 19. Nb5 Nd5 20.
Bd6 Bc6 21. Rxd5 exd5 22. Bxe7 Bxb5 23. Ng5 Ne4 24. Bxe4 Qxc2 25. Bxc2 Rfe8 26. Ba3 h6 27. Nf3 Bxe2 28. Nd4 Bxd1 0-1

[Event "*** Titled Tuesday 3|2 Blitz (Early)"]
[Site "Chess.com"]
[Date "2016.11.01"]
[Round "4"]
[White "GremioPrudente"]
[Black "Rating-Schmating"]
[Result "0-1"]
[WhiteElo "2008"]
[BlackElo "2263"]
[TimeControl "180+2"]
[EndTime "11:47:19 PDT"]
[Termination "Rating-Schmating won on time"]

1. Nf3 Nf6 2. c4 c5 3. g3 b6 4. Bg2 Bb7 5. O-O e6 6. Nc3 Be7 7. d4 cxd4 8. Qxd4 d6 9. Bg5 a6 10. Bxf6 Bxf6 11. Qd3 Qc7 12. Ne4 Be7 13. Rfd1 d5 14.
cxd5 Bxd5 15. Rac1 Qb7 16. Nc3 Bc6 17. Ne1 Bxg2 18.
Nxg2 O-O 19. Nf4 Nc6 20. Qf3 Rac8 21. Ne4 Qa8 22. Nd6 Bxd6 23. Rxd6 Ne5 24. Qe3 Nc4 25.
Qd4 Nxd6 0-1

[Event "*** Titled Tuesday 3|2 Blitz (Early)"]
[Site "Chess.com"]
[Date "2016.11.01"]
[Round "4"]
[White "Iwannabetheguy"]
[Black "Salem-AR"]
[Result "0-1"]
[WhiteElo "2041"]
[BlackElo "2688"]
[TimeControl "180+2"]
[EndTime "11:47:23 PDT"]
[Termination "Salem-AR won by resignation"]

1. e4 c5 2. Nf3 d6 3. d4 cxd4 4.
Nxd4 Nf6 5. Nc3 a6 6. Bc4 e6 7. Bb3 b5 8. Bg5 Be7 9. Qf3 Qb6 10.
O-O-O Bb7 11. Bxe6 fxe6 12. Nxe6 Nbd7 13. Nxg7+ Kd8 14.
Ne6+ Kc8 15. Bxf6 Nxf6 16. Nd5 Nxd5 17. exd5 Kb8 18. Qf7 Bd8 19. Qg7 Ka7 20. Kb1 Re8 21.
f4 Rc8 22. f5 Qf2 23. Qd4+ Qxd4 24. Rxd4 Bf6 25. Rd3 Rg8 26. Rg1 b4 27. g4 h6 28. Rh3 Bxd5 29. Rxh6 Be5 30. Rh7+ Kb6 31. Rd1 Be4 32. Rd2 Rxg4 33. a4 b3 0-1

[Event "*** Titled Tuesday 3|2 Blitz (Early)"]
[Site "Chess.com"]
[Date "2016.11.01"]
[Round "4"]
[White "Shivagami"]
[Black "Saitama_Hero"]
[Result "1-0"]
[WhiteElo "2059"]
[BlackElo "2099"]
[TimeControl "180+2"]
[EndTime "11:47:43 PDT"]
[Termination "Shivagami won by resignation"]

1. d4 d5 2. Bf4 Nf6 3. e3 g6 4.
Nf3 Bg7 5. Be2 O-O 6. O-O c6 7. h3 Bf5 8. Nbd2 Nbd7 9. c4 Ne4 10. Nh4 Be6 11. Nxe4 dxe4 12. d5 cxd5 13. cxd5 Bf5 14. Nxf5 gxf5 15. Rc1 Nb6 16. d6 Bxb2 17. dxe7 Qxe7 18. Rc7 Qe6 19. Qc2 Be5 20. Bxe5 Qxe5 21. Rxb7 Kh8 22. Rd1 Qg7 23. Qb3 Rg8 24. Bf1 Raf8 25. a4 Nc8 26. Rdd7 Qh6 27. Rxf7 Rxf7 28. Rxf7 Nd6 29. Qc3+ 1-0

[Event "*** Titled Tuesday 3|2 Blitz (Early)"]
[Site "Chess.com"]
[Date "2016.11.01"]
[Round "4"]
[White "Fandorine"]
[Black "CroatianPower"]
[Result "1-0"]
[WhiteElo "2623"]
[BlackElo "2462"]
[TimeControl "180+2"]
[EndTime "11:47:44 PDT"]
[Termination "Fandorine won by checkmate"]

1. e4 e6 2. d4 d5 3. Nd2 c5 4.
exd5 Qxd5 5. dxc5 Nf6 6. Ngf3 Bxc5 7. Bc4 Qd7 8. O-O a6 9. Qe2 b5 10. Ne5 Qc7 11. Bd3 Nbd7 12. Ndf3 Bb7 13. Nxf7 Kxf7 14. Ng5+ Ke8 15. Nxe6 Qe5 16. Qxe5 Nxe5 17. Nxc5 Nxd3 18.
Nxb7 Nxc1 19. Raxc1 Kf7 20. c4 bxc4 21. Nd6+ Kg6 22.
Nxc4 Rhd8 23. Ne5+ Kf5 24. Rfe1 Ne4 25. Nc6 Rd7 26.
f3 Nf6 27. Rc5+ Kf4 28. g3+ Kxf3 29. Ne5# 1-0

[Event "*** Titled Tuesday 3|2 Blitz (Early)"]
[Site "Chess.com"]
[Date "2016.11.01"]
[Round "4"]
[White "fireheart92"]
[Black "MFBerna"]
[Result "1-0"]
[WhiteElo "2514"]
[BlackElo "2185"]
[TimeControl "180+2"]
[EndTime "11:47:54 PDT"]
[Termination "fireheart92 won by resignation"]

1. e4 e5 2. Nf3 Nc6 3. Bb5 a6 4.
Ba4 Nf6 5. O-O Be7 6. d3 b5 7. Bb3 O-O 8. Nc3 d6 9. a3 Na5 10. Ba2 c5 11. Nd5 Nxd5 12. Bxd5 Bb7 13. Ba2 Nc6 14. h3 Nd4 15. Nxd4 cxd4 16. f4 Bf6 17.
Qf3 Rc8 18. Bb3 a5 19. a4 Bc6 20. axb5 Bxb5 21. Rf2 Rc5 22. fxe5 dxe5 23. Qg4 Bd7 24.
Qf3 Be6 25. Bxe6 fxe6 26. Qg4 Qe7 27. b3 Rfc8 28. Ba3 Qd7 29. Bxc5 Rxc5 30. Rxf6 1-0

[Event "*** Titled Tuesday 3|2 Blitz (Early)"]
[Site "Chess.com"]
[Date "2016.11.01"]
[Round "4"]
[White "Ginger_GM"]
[Black "Bishops83"]
[Result "1-0"]
[WhiteElo "2438"]
[BlackElo "2254"]
[TimeControl "180+2"]
[EndTime "11:47:56 PDT"]
[Termination "Ginger_GM won by resignation"]

1. d4 d5 2. c4 e6 3. Nc3 c6 4. e4 dxe4 5. Nxe4 Bb4+ 6. Bd2 Qxd4 7. Bxb4 Qxe4+ 8. Be2 Qxg2 9. Qd6 Nd7 10. O-O-O Qxf2 11. Kb1 a5 12. Bc3 Ne7 13. Bd3 Qc5 14. Qg3 Nf5 15. Bxf5 Qxf5+ 16. Ka1 e5 17. Nf3 Qg6 18.
Qf2 f6 19. Rhg1 Qf7 20. Nh4 Nc5 21. Qxc5 1-0

[Event "*** Titled Tuesday 3|2 Blitz (Early)"]
[Site "Chess.com"]
[Date "2016.11.01"]
[Round "4"]
[White "FearlessKing64"]
[Black "KyronGriffith"]
[Result "1-0"]
[WhiteElo "2169"]
[BlackElo "2331"]
[TimeControl "180+2"]
[EndTime "11:48:26 PDT"]
[Termination "FearlessKing64 won by resignation"]

1. e4 d6 2. d4 g6 3. Nc3 Bg7 4. f4 c6 5. Nf3 Nd7 6. e5 dxe5 7. dxe5 Nf8 8. Bd3 Bg4 9. Qe2 Qb6 10. Bd2 Ne6 11. O-O-O Nd4 12. Qe4 Nxf3 13. Be3 Qa5 14. gxf3 Bf5 15. Qc4 Bxd3 16. Rxd3 Nh6 17.
Rhd1 O-O 18. Rd7 Nf5 19. Bf2 Rab8 20. Kb1 Bh6 21. Ne2 a6 22. Ng3 e6 23. Nxf5 gxf5 24. Bh4 Qb5 25. Rg1+ Bg7 26. Qxb5 1-0

[Event "*** Titled Tuesday 3|2 Blitz (Early)"]
[Site "Chess.com"]
[Date "2016.11.01"]
[Round "4"]
[White "GMBenjaminBok"]
[Black "Zaven_ChessMood"]
[Result "0-1"]
[WhiteElo "2597"]
[BlackElo "2639"]
[TimeControl "180+2"]
[EndTime "11:48:44 PDT"]
[Termination "Zaven_ChessMood won by resignation"]

1. d4 Nf6 2. c4 c5 3. d5 b5 4. cxb5 a6 5. bxa6 g6 6. Nc3 Bg7 7. e4 O-O 8. a7 Rxa7 9. Nf3 d6 10. Be2 Bg4 11. Nd2 Bxe2 12. Qxe2 Nbd7 13. O-O Qa5 14. Nb5 Rb7 15. a4 Nb6 16. Nc4 Nxc4 17. Qxc4 Nd7 18. Ra3 Ra8 19. Qc2 Nb6 20. Bd2 Qa6 21.
b3 Nxd5 22. Nxd6 Nb4 23. Bxb4 cxb4 24. Nxb7 bxa3 25. Nc5 Qb6 26. Rc1 Rc8 27. Qc4 a2 28. b4 a1=Q 29. Rxa1 Bxa1 30. a5 Qc6 31. g3 Be5 32. Qd3 Bd6 33. Na6 Qc4 34. Qxc4 Rxc4 35. b5 Ra4 0-1

[Event "*** Titled Tuesday 3|2 Blitz (Early)"]
[Site "Chess.com"]
[Date "2016.11.01"]
[Round "4"]
[White "VMikhalevski"]
[Black "Evgeny_Levin"]
[Result "0-1"]
[WhiteElo "2512"]
[BlackElo "2694"]
[TimeControl "180+2"]
[EndTime "11:48:47 PDT"]
[Termination "Evgeny_Levin won by resignation"]

1. Nf3 Nf6 2. g3 g6 3. b3 Bg7 4. Bb2 O-O 5. Bg2 b6 6. Ne5 d5 7. d4 Bb7 8. c4 c5 9. dxc5 Ng4 10. c6 Ba6 11. Nxf7 Rxf7 12. Bxg7 Kxg7 13. c7 Qxc7 14. Qxd5 Rxf2 15. Nc3 Rxg2 16. Qxg2 Bb7 17. Nd5 Qe5 18. O-O Ne3 19. Qf3 Nxf1 20. Rxf1 Nd7 21. Qf7+ Kh8 22. Qxe7 Qxe7 23. Nxe7 Kg7 24. Rd1 Nf6 25. Rd6 Re8 26. Nd5 Bxd5 27. cxd5 Rxe2 28. a4 Rd2 29. a5 Rxd5 0-1

[Event "*** Titled Tuesday 3|2 Blitz (Early)"]
[Site "Chess.com"]
[Date "2016.11.01"]
[Round "4"]
[White "ZapataCharlesS"]
[Black "AlexanderL"]
[Result "0-1"]
[WhiteElo "2624"]
[BlackElo "2549"]
[TimeControl "180+2"]
[EndTime "11:49:08 PDT"]
[Termination "AlexanderL won by resignation"]

1. e4 e6 2. d4 d5 3. exd5 exd5 4. Nf3 Bd6 5. Bd3 Ne7 6. O-O O-O 7. Bg5 f6 8. Bh4 Bf5 9. c3 Qd7 10. Bg3 Bxd3 11.
Qxd3 Nf5 12. Nbd2 c6 13. Rfe1 Na6 14. Nf1 Nc7 15. Ne3 Nxe3 16. Rxe3 Rae8 17. Rae1 Rxe3 18. Rxe3 Bxg3 19. hxg3 Re8 20. Rxe8+ Nxe8 21. Qe2 Nd6 22. Nd2 Kf8 23. g4 Qf7 24. f3 Ne8 25. Kf2 Nc7 26. Nb3 b6 27. Nc1 Ne6 28. Nd3 Qd7 29. a3 Qd6 30. g3 Kf7 31. Qe3 Ng5 32. Nf4 Qd7 33. Nd3 Ne6 34. Nf4 Nc7 35. Nd3 h6 36.
Nf4 Nb5 37. Qd3 Kg8 38. Qf5 Qxf5 39. gxf5 Nd6 40. g4 Nc4 41. Nd3 a5 42. a4 b5 43. b3 Nb6 44. b4 bxa4 45. bxa5 Nc8 46. Ke2 a3 47. Kd2 a2 0-1

[Event "*** Titled Tuesday 3|2 Blitz (Early)"]
[Site "Chess.com"]
[Date "2016.11.01"]
[Round "4"]
[White "maciek_92"]
[Black "Cayse"]
[Result "0-1"]
[WhiteElo "2545"]
[BlackElo "2605"]
[TimeControl "180+2"]
[EndTime "11:49:11 PDT"]
[Termination "Cayse won by checkmate"]

1. c4 Nf6 2. g3 e5 3. Bg2 g6 4.
Nc3 Bg7 5. Nf3 Nc6 6. O-O O-O 7.
d4 d6 8. d5 Ne7 9. Ne1 Nh5 10.
e4 Bd7 11. Nd3 f5 12. exf5 Bxf5 13. Ne4 Qd7 14. c5 Rad8 15. cxd6 cxd6 16. Be3 b6 17. Rc1 Kh8 18. Nb4 Bh3 19. Bxh3 Qxh3 20. Ng5 Qd7 21. Ne6 Rc8 22. Nxf8 Rxf8 23. Bg5 Nf5 24. Nc6 h6 25.
Be3 Kh7 26. a4 Nf6 27. a5 bxa5 28. Ra1 e4 29. Rxa5 Nh4 30. gxh4 Qh3 31. Bf4 Nh5 32.
Bxd6 Rf4 33. Ra3 Rg4+ 34. Kh1 Qg2# 0-1

[Event "*** Titled Tuesday 3|2 Blitz (Early)"]
[Site "Chess.com"]
[Date "2016.11.01"]
[Round "4"]
[White "dretch"]
[Black "amaidel"]
[Result "0-1"]
[WhiteElo "2633"]
[BlackElo "2487"]
[TimeControl "180+2"]
[EndTime "11:49:12 PDT"]
[Termination "amaidel won by resignation"]

1. d4 d5 2. c4 c6 3. Nf3 Nf6 4. Nc3 dxc4 5. a4 Bg4 6. Ne5 Nbd7 7. Nxg4 Nxg4 8. e3 Ngf6 9. Bxc4 e6 10. O-O Bb4 11. e4 O-O 12. e5 Nd5 13. Bd2 a5 14. Qh5 c5 15. Bg5 Qb6 16. Bb5 Qc7 17. Nxd5 exd5 18.
Be7 Rfe8 19. Bd6 Qd8 20. Qf5 Re6 21. Bxd7 Qxd7 22. Bxc5 Bxc5 23. dxc5 d4 24. Qe4 Rd8 25. Rfd1 Qd5 26. Qxd5 Rxd5 27. f4 g5 28. fxg5 Rexe5 29. Rac1 Re2 30. h4 Rxb2 31. Rc4 d3 32. Rc3 d2 33.
Kf2 Rb4 34. g3 Rxa4 35. Rc2 Rad4 36. Ke2 Kf8 37. c6 bxc6 38. Rxc6 Re4+ 39. Kf3 Re1 0-1